 BcadrenCrawl: Boulder Brew version 0.04.2-19-ga012a504bd (webtiles) character file.

Game seed: 10639874957602096096, levelgen mode: deterministic

1958 Ezendos the Slasher (level 9, -3/60 HPs) Human Gladiator. Began on May 18, 2021. Was an Initiate of the Shining One. Slain by a yak (16 damage) ... on level 4 of the Dungeon. The game lasted 00:10:20 (3578 turns).

Ezendos the Slasher (Human Gladiator)               Turns: 3578, Time: 00:10:21

Health: -3/60      AC:  8    Str: 17    XL:     9 ^: 1111
Magic:  9/9        EV: 12    Int:  9    God:    the Shining One [0* [19]]
Gold:   124        SH:  0    Dex: 15    Spells: 8/8 levels left

rFire    . . .     Vision   .   b - +0 hand crossbow
rCold    . . .     Gourm    .   a - +2 short sword (elec)
rNeg     . . .     Faith    .   h - +2 ring mail {MR+}
rPois    .         Spirit   .   c - +0 helmet
rElec    .         Reflect  .   (no cloak)
rCorr    .         Harm     .   (no gloves)
MR       +....     Clarity  +   (no boots)
Stlth    ..........             (no amulet)
HPRegen  0.00/turn              m - ring of Foets {Int-3 Dex+3 Stlth-}
MPRegen  0.19/turn              (no ring)

@: glowing
A: hooves 1, clarity, clever 1, clumsy 1, frail 1, low mp 1, inhibited
regeneration
a: Renounce Religion


You were on level 4 of the Dungeon.
You worshipped the Shining One.
The Shining One was noncommittal.
You were not hungry.

You visited 1 branch of the dungeon, and saw 4 of its levels.

You collected 124 gold pieces.

Inventory:

Weapons
 a - a +2 short sword of electrocution (weapon)
 b - a +0 hand crossbow (weapon)
 n - a +0 long sword
 s - a +2 cleaver of molten steel
Armour
 c - a +0 helmet (worn)
 h - a +2 ring mail of magic resistance (worn)
 o - a +0 leather armour
Jewellery
 j - an uncursed ring of ice
 l - a cursed ring of poison resistance {(Curse: MR-)}
 m - the ring of Foets (left hand) {Int-3 Dex+3 Stlth-}
   (You took it off a kobold on level 2 of the Dungeon)

   [ring of attention]

   It affects your intelligence (-3).
   It affects your dexterity (+3).
   It makes you less stealthy.
 r - an uncursed ring of positive energy
Wands
 d - a wand of ensnaring (9)
 u - a wand of flame (25)
Scrolls
 g - 3 scrolls of teleportation
 i - a scroll of enchantment
 k - a scroll of blinking
 q - a scroll of fear
Potions
 e - 4 potions of curing
 p - a potion of brilliance
 v - a potion of magic
Comestibles
 f - 8 rations


   Skills:
 - Level 4.8 Fighting
 - Level 7.9 Long Blades
 + Level 7.9 Crossbows
 - Level 3.0 Dodging
 - Level 2.0 Evocations


You had 8 spell levels left.
You didn't know any spells.
Your spell library was empty.

Dungeon Overview and Level Annotations

Branches:
Dungeon (4/8)
 Temple: D:4

Altars:
Makhleb
Qazlal
Sif Muna
The Shining One

Shops:
D:3 :


Innate Abilities, Weirdness & Mutations

You have large cloven feet.
You possess an exceptional clarity of mind.
Your mind is acute. (Int +2)
You are clumsy. (Dex -2)
You are frail. (-10% HP)
Your magical capacity is low. (-10% MP)
You do not regenerate when monsters are visible.


Message History

The yak gores you (11)!
You hit the yak (2). Lightning courses through the yak (7)!
The yak is severely wounded. (14/38) HP You hit the yak (2).
Lightning courses through the yak (3).
The yak is severely wounded. (9/38) HP The yak gores you (10)!
You hit the yak (3). Lightning courses through the yak (8)!
You kill the yak!
You puncture the yak (7)! Lightning courses through the yak (5).
You kick the yak (1).
The yak is severely wounded. (10/38) HP The yak closely misses you (0).
You hit the yak (5). Lightning courses through the yak (3).
You kick the yak, but do no damage.
The yak is almost dead. (2/38) HP The yak gores you (18)!!
* * * LOW HITPOINT WARNING * * *
You barely miss the yak. The yak gores you but does no damage.
You barely miss the yak. The yak gores you (16)!
You die...

#.#.....#
#.##'''###+#
#.#.Y.%.P≈.#
#.#..PY.≈≈P#
#.#....KP≈≈#
#.#.%....≈P#
#.#.≈.≈.≈PP
#.####.####
#.@Y.†.#
########


You could see a yak.

Vanquished Creatures
  2 dream sheep (D:4)
  A yak (D:4)
  A necrophage (D:3)
  Duvessa (D:1)
  An ogre (D:4)
  6 big kobolds
  2 bullfrogs (D:2)
  Dowan (D:2)
  A jelly (D:2)
  A worker ant (D:3)
  A wyvern skeleton (D:4)
  7 giant cockroaches
  A bullfrog skeleton (D:3)
  2 adders (D:2)
  22 sewer rats
  20 cinder newts
  4 worms (D:2)
  A hound skeleton (D:3)
  A howler monkey skeleton (D:3)
  5 oozes (D:2)
  3 dart slugs (D:1)
  A leopard gecko (D:2)
  An orc (D:4)
  An adder skeleton (D:2)
  4 ball pythons
  2 hobgoblins (D:1)
  A quokka (D:4)
  6 bats
  2 bat skeletons (D:2)
  22 kobolds
  A quokka skeleton (D:2)
  4 rats (D:1)
  A rat skeleton (D:2)
  2 bushes (D:1)
  A withered plant (D:2)
133 creatures vanquished.

Vanquished Creatures (others)
  A jelly (D:2)
  4 giant cockroaches (D:2)
  7 kobolds (D:2)
  2 bats (D:2)
  A bat skeleton (D:2)
  A rat (D:2)
  5 giant blowflies (D:2)
  3 slimeheads (D:2)
  166 withered plants (D:2)
190 creatures vanquished.

Grand Total: 323 creatures vanquished

Notes
Turn   | Place    | Note
-------+----------+-------------------------------------------
     0 | D:1      | Ezendos the Human Gladiator began the quest for the Orb.
     0 | D:1      | Reached XP level 1. HP: 16/16 MP: 2/2
    41 | D:1      | Reached XP level 2. HP: 20/23 MP: 3/3
   187 | D:1      | Reached XP level 3. HP: 29/29 MP: 4/4
   347 | D:1      | Reached XP level 4. HP: 37/37 MP: 5/5
   514 | D:1      | Reached XP level 5. HP: 43/43 MP: 6/6
  1164 | D:2      | Identified the ring of Foets {Int-3 Dex+3 Stlth-}
  1171 | D:1      | Reached XP level 6. HP: 40/50 MP: 7/7
  1221 | D:2      | Noticed Dowan
  1250 | D:2      | Killed Dowan
  1250 | D:2      | Reached skill level 5 in Long Blades
  1262 | D:2      | Noticed Duvessa
  1276 | D:1      | Killed Duvessa
  1276 | D:1      | Reached XP level 7. HP: 42/55 MP: 8/8
  1798 | D:2      | Reached XP level 8. HP: 50/61 MP: 9/9
  1976 | D:2      | Reached skill level 1 in Crossbows
  2121 | D:2      | Identified the cursed ring "Pixivva" {AC+5 Stlth+, (Curse:
                  | rF-)}
  2253 | D:2      | Found a glowing golden altar of the Shining One.
  2523 | D:2      | Found a shimmering blue altar of Sif Muna.
  2523 | D:2      | Found a stormy altar of Qazlal.
  2921 | D:3      | Found Lakk's Book Shop.
  3122 | D:3      | Found a burning altar of Makhleb.
  3207 | D:2      | Became a worshipper of the Shining One
  3291 | D:3      | Gained mutation: You do not regenerate when monsters are
                  | visible. [mutagenic glow]
  3380 | D:3      | Gained mutation: You possess an exceptional clarity of
                  | mind. [potion of mutation]
  3380 | D:3      | Gained mutation: Your mind is acute. (Int +2) [potion of
                  | mutation]
  3380 | D:3      | Gained mutation: You are clumsy. (Dex -2) [potion of
                  | mutation]
  3381 | D:3      | Gained mutation: Your magical capacity is low. (-10% MP)
                  | [potion of mutation]
  3381 | D:3      | Gained mutation: You are frail. (-10% HP) [potion of
                  | mutation]
  3381 | D:3      | Gained mutation: You have large cloven feet. [potion of
                  | mutation]
  3475 | D:4      | Reached skill level 5 in Crossbows
  3547 | D:4      | Reached XP level 9. HP: 55/60 MP: 9/9
  3578 | D:4      | Slain by a yak

Levels and vault maps discovered:
D:1:      dpeg_arrival_shrine, layout_basic, first_ration, serial_forest,
          infiniplex_forest_end_2, infiniplex_forest_lined_2,
          infiniplex_forest_clump_diagonal, infiniplex_forest_clump_tiny,
          infiniplex_forest_corner_1, infiniplex_forest_clump_curved,
          infiniplex_forest_end_1, hangedman_decor_peaks_small,
          minmay_misc_feat_chi
D:2:      layout_sewer, gammafunk_temple_overflow_pools, lemuel_tele_altar,
          uniq_duvessa
D:3:      layout_loops_ring, makhleb_blood_cavern_becter, serial_shops,
          shop_statue
D:4:      layout_roguey, minmay_temple_entry_statues_pillars, hangedman_ranch
          [blue_anna_fruit_fields]

Skill      XL: |  1  2  3  4  5  6  7  8  9 |
---------------+----------------------------+-----
Fighting       | 3 4 |  4.8
Long Blades    | 4 5 7 |  7.9
Crossbows      | 5 7 |  7.9
Dodging        | |  3.0
Evocations     | |  2.0

Action                   |  1- 3 |  4- 6 |  7- 9 || total
-------------------------+-------+-------+-------++-------
Melee: Long sword        |    13 |    53 |    39 ||   105
       Unarmed           |     8 |    32 |    39 ||    79
       Short sword       |       |       |    92 ||    92
       Kick              |       |       |     9 ||     9
 Fire: Hand crossbow     |       |       |    73 ||    73
  Use: Potion            |       |     1 |     2 ||     3
  Eat: Chunk             |       |       |     7 ||     7
       Ration            |       |       |     1 ||     1
Armor: Leather armour    |     3 |     1 |       ||     4
       Ring mail         |       |    14 |    31 ||    45
       Skin              |       |     4 |       ||     4
Dodge: Dodged            |    13 |    30 |    93 ||   136
       Rpst.: Long sword |     4 |    13 |     6 ||    23
